 Dungeon Crawl Stone Soup version 0.29-a0-515-g7c1fb6cc08 (webtiles) character file.

Game seed: 16740766318932177313

33732 Bruhh the Zephyrmancer (level 13, 0/119 HPs)
             Began as an Ogre Air Elementalist on May 30, 2022.
             Was a High Priest of Hepliaklqana.
             Slain by a death yak (20 damage)
             ... on level 5 of the Lair of Beasts.
             The game lasted 00:29:13 (23228 turns).

Bruhh the Zephyrmancer (Ogre Air Elementalist)     Turns: 23228, Time: 00:29:14

Health: 0/119      AC:  7    Str: 15    XL:     13   Next: 72%
Magic:  5/44       EV:  9    Int: 20    God:    Hepliaklqana [*****.]
Gold:   626        SH:  5    Dex:  9    Spells: 15/30 levels left

rFire   . . .      SeeInvis .   B - +1 demon whip (venom)
rCold   . . .      Faith    .   (no shield)
rNeg    . . .      Spirit   .   N - +1 troll leather armour {Snorg}
rPois   .          Reflect  +   g - +1 hat
rElec   .          Harm     .   (no cloak)
rCorr   .          Rampage  .   (gloves unavailable)
Will    +....                   (boots unavailable)
Stlth   +.........              r - amulet of reflection
HPRegen 1.09/turn               J - ring of magical power
MPRegen 0.29/turn               L - ring of magical power

@: no status effects
A: reduced essence, large, unfitting armour, tough skin 1
a: Renounce Religion, Recall Ancestor, Ancestor Identity, Transference, Idealise


You were on level 5 of the Lair of Beasts.
You worshipped Hepliaklqana.
Hepliaklqana was extremely pleased with you.
You visited 2 branches of the dungeon, and saw 16 of its levels.
You also visited: Ossuary.

You collected 946 gold pieces.
You spent 320 gold pieces at shops.

Inventory:

Hand Weapons
 w - a +4 flail of protection
 B - a +1 demon whip of venom (weapon)
Missiles
 e - a throwing net
Armour
 a - a +0 robe
 g - a +1 hat (worn)
 H - a +0 troll leather armour
 N - a +1 troll leather armour (worn) {Snorg}
Magical Staves
 k - a staff of poison
Jewellery
 f - an amulet of guardian spirit
 i - a ring of resist corrosion
 p - a ring of willpower
 q - the ring "Woimn" {rF+ rC+}
   (You found it on level 4 of the Lair of Beasts)

   [ring of protection from fire]

   rF:        It protects you from fire.
   rC:        It protects you from cold.
 r - an amulet of reflection (around neck)
 J - a ring of magical power (left hand)
 K - a ring of fire
 L - a ring of magical power (right hand)
 Q - a ring of positive energy
 T - a ring of see invisible
Wands
 y - a wand of digging (2)
 C - a wand of flame (25)
 I - a wand of acid (9)
 S - a wand of polymorph (3)
 V - a wand of iceblast (5)
Scrolls
 d - 3 scrolls of enchant armour
 j - 8 scrolls of teleportation
 o - 2 scrolls of silence
 t - 3 scrolls of blinking
 x - a scroll of acquirement {unknown}
 z - a scroll of brand weapon
 A - 3 scrolls of summoning
 D - 6 scrolls of fog
 E - 3 scrolls of enchant weapon
 M - 2 scrolls of fear {unknown}
 O - 3 scrolls of vulnerability
 R - a scroll of immolation
Potions
 b - a potion of magic
 c - 6 potions of flight
 h - 7 potions of curing
 l - 5 potions of mutation {unknown}
 m - 6 potions of haste {unknown}
 n - 6 potions of heal wounds
 s - 3 potions of attraction {unknown}
 u - 5 potions of might {unknown}
 v - 2 potions of cancellation {unknown}
 F - 3 potions of berserk rage {unknown}
 G - 2 potions of degeneration {unknown}
 P - a potion of ambrosia {unknown}
 U - a potion of lignification


   Skills:
 - Level 10.0 Fighting
 - Level 1.7 Dodging
 - Level 1.4 Stealth
 - Level 9.0 Spellcasting
 + Level 11.0 Conjurations
 + Level 13.3 Air Magic
 - Level 10.0 Invocations


You had 15 spell levels left.
You knew the following spells:

 Your Spells              Type           Power      Damage    Failure   Level
a - Shock                 Conj/Air       100%       1d9       1%          1
b - Static Discharge      Conj/Air       55%        N/A       1%          2
c - Swiftness             Air            58%        N/A       1%          3
d - Airstrike             Air            29%        N/A       1%          4
e - Lightning Bolt        Conj/Air       27%        1d44      1%          5

Your spell library contained the following spells:

 Spells                   Type           Power      Damage    Failure   Level
 Iskenderun's Battlesphe  Conj           52%        2d10      2%          5
 Beastly Appendage        Tmut           18%        N/A       10%         1
 Summon Small Mammal      Summ           36%        N/A       10%         1
 Sublimation of Blood     Necr           9%         N/A       14%         2
 Wereblood                Tmut           9%         N/A       14%         2
 Irradiate                Conj/Tmut      15%        3d18      26%         5
 Call Canine Familiar     Summ           9%         N/A       28%         3
 Gell's Gravitas          Tloc           9%         N/A       28%         3
 Lesser Beckoning         Tloc           9%         N/A       28%         3
 Spider Form              Tmut/Pois      9%         N/A       28%         3
 Summon Guardian Golem    Hex/Summ       9%         N/A       28%         3
 Teleport Other           Tloc           9%         N/A       28%         3
 Petrify                  Tmut/Erth      9%         N/A       67%         4
 Iron Shot                Conj/Erth      15%        9d4       83%         6
 Maxwell's Capacitive Co  Air            29%        ∞         95%         8
 Dispersal                Tloc           4%         N/A       100%        6
 Spellforged Servitor     Conj/Summ      15%        N/A       100%        7


Dungeon Overview and Level Annotations

Branches:
Dungeon (10/15)            Temple (0/1) D:6            Lair (6/6) D:9
 Shoals (0/4) Lair:2       Spider (0/4) Lair:3        Slime (0/5) Lair:5
Ossuary (visited)
    Orc: D:9-12

Altars:
Ashenzari
Elyvilon
Fedhas
Hepliaklqana
Nemelex Xobeh
Qazlal
Xom
The Shining One
Jiyva

Shops:
D:3 (   D:9 =   D:10 [((

Portals:
Abyss: Lair:5

Annotations:
D:5 1 runed translucent door, MeArio's ghost, novice MiFi
Lair:4 3 runed translucent doors, Yrojinka's ghost, journeyman MiDe
Lair:5 2 transporters, Bruhh's ghost, journeyman GrFi


Innate Abilities, Weirdness & Mutations

Your life essence is reduced to manifest your ancestor. (-10% HP)
You are too large for most types of armour.
You have tough skin. (AC +1)


Message History

You hear a mighty clap of thunder!
The bolt of lightning hits the death yak.
The death yak is severely wounded.
The death yak misses Bianca.
Bianca barely misses the death yak.
Unknown command.
What are your orders? t - Shout!
Orders for allies: a - Attack new target. p - Attack previous target. r - Retreat! s - Stop attacking. g - Guard the area. f - Follow me.
Anything else - Cancel.
Gang up on whom?
Press: ? - help, Dir - move target, f/p - death yak
Aim: a death yak (severely wounded, ally target) Attack!
The death yak gores Bianca but does no damage.
Casting: Lightning Bolt (dangerous; 1% risk of failure)
Confirm with . or Enter, or press ? or * to list all spells.
Okay, then.
You hit the death yak.
The death yak is severely wounded.
The death yak barely misses you.
You hit the death yak but do no damage.
The death yak is poisoned.
The death yak is severely wounded.
The death yak gores you!!
Bianca hits the death yak with a +0 flail!
You barely miss the death yak.
The death yak is almost dead.
Bianca barely misses the death yak.
The death yak barely misses Bianca.
The death yak gores you!
* * * LOW HITPOINT WARNING * * *
The death yak attacks as you move away! The death yak gores you!
* * * LOW HITPOINT WARNING * * *
The death yak gores Bianca!
Bianca hits the death yak with a +0 flail.
Unknown command.
You hit the death yak but do no damage.
The death yak is almost dead.
The death yak gores you!!
You die...

..#####............###.###.......
##.####..........P#########......
#.###.##.........####.# #.#......
..#.##..#........###..###.......#
...>...........................##
..................[...........##
.......)......................#
............................P##
.....>......Y.RY@...........##
............................#
.#.P...#...........#..##P####
.######.........###.###### #.#
###........#### .## #........P#
#.# #........P# ### ##.........#
##.......†..##


You could see the friendly Bianca the knight and 2 death yaks.

Vanquished Creatures
  3 hydras
  A centaur warrior (D:10)
  A catoblepas (Lair:3)
  A death yak (Lair:6)
  4 elephants
  2 black mambas
  9 cane toads
  A rime drake (Lair:2)
  7 komodo dragons
  A polar bear (Lair:2)
  4 trolls (D:9)
  Grinder (D:4)
  2 hornets
  8 blink frogs
  3 dream sheep (Lair:5)
  A wraith (D:10)
  20 yaks
  A wyvern (D:10)
  A basilisk (Lair:3)
  A steam dragon (D:8)
  A redback (Lair:3)
  Edmund (D:4)
  An acid dragon (D:8)
  9 water moccasins
  Duvessa (D:4)
  2 ice beasts
  3 sky beasts (D:6)
  2 black bears
  An orc warrior (D:8)
  2 centaurs (D:6)
  10 wolves
  Blork the orc (D:4)
  4 kobold brigands
  A necrophage (D:6)
  5 scorpions
  18 bullfrogs
  Dowan (D:4)
  6 killer bees
  6 electric eels
  A howler monkey (D:9)
  4 lava snakes
  A jelly (D:5)
  3 hounds
  A gnoll shaman (D:6)
  6 orc priests
  4 iguanas
  13 orc wizards
  An ogre zombie (Ossuary)
  4 mummies
  8 gnolls
  8 adders
  A white imp (D:7)
  2 ufetubi
  2 adder zombies (Ossuary)
  A dart slug (D:2)
  33 orcs
  2 bats
  5 endoplasms
  5 giant cockroaches
  6 goblins
  8 hobgoblins
  2 jackals (D:1)
  3 quokkas
  5 ball pythons
  A frilled lizard (D:2)
  4 goblin zombies (Ossuary)
  7 hobgoblin zombies
  14 kobolds
  2 kobold skeletons (D:6)
  2 kobold zombies (Ossuary)
  An orc skeleton (D:6)
  An orc zombie (D:6)
  5 quokka zombies (Ossuary)
  10 rats
  3 rat zombies (Ossuary)
  2 bushes (Lair:4)
328 creatures vanquished.

Vanquished Creatures (collateral kills)
  Snorg (Lair:3)
  Amaemon (D:8)
  6 elephants
  An orange demon (D:8)
  A cane toad (Lair:2)
  A rime drake (Lair:2)
  2 komodo dragons (Lair:1)
  3 blink frogs (Lair:5)
  A dream sheep (Lair:5)
  17 yaks
  3 basilisks
  6 water moccasins
  A sky beast (D:8)
  5 wolves
  2 bullfrogs
  A necrophage (D:6)
  A killer bee (D:9)
  2 centaur zombies (Ossuary)
  A crimson imp (D:6)
  A hound (D:6)
  An orc priest (D:6)
  A jelly (D:6)
  An orc wizard (D:6)
  2 ogre zombies (Ossuary)
  4 mummies (Ossuary)
  A gnoll (D:6)
  4 orcs
  4 kobolds
  2 goblin zombies (Ossuary)
  A hobgoblin zombie (D:6)
  A quokka zombie (Ossuary)
  5 bushes (Lair:4)
84 creatures vanquished.

Vanquished Creatures (others)
  2 knights
  2 ancestors
  23 fungi
  65 plants
92 creatures vanquished.

Grand Total: 504 creatures vanquished

Notes
Turn   | Place    | Note
-------+----------+-------------------------------------------
     0 | D:1      | Bruhh the Ogre Air Elementalist began the quest for the
                  | Orb.
     0 | D:1      | Reached XP level 1. HP: 16/16 MP: 3/3
   258 | D:1      | Found a faded altar of an unknown god.
   392 | D:1      | Reached XP level 2. HP: 24/24 MP: 2/5
   393 | D:1      | Reached skill level 3 in Air Magic
  1270 | D:2      | Reached XP level 3. HP: 29/31 MP: 4/7
  1766 | D:2      | Reached XP level 4. HP: 17/39 MP: 1/9
  2186 | D:2      | Reached skill level 1 in Conjurations
  2416 | D:2      | Learned a level 2 spell: Static Discharge
  2754 | D:3      | Reached skill level 4 in Air Magic
  2768 | D:3      | Reached XP level 5. HP: 33/45 MP: 0/11
  2923 | D:3      | Found Neiti's Weapon Shoppe.
  3113 | D:3      | Found a stormy altar of Qazlal.
  3548 | D:3      | Found a broken altar of Ashenzari.
  4074 | D:4      | Found a hazy altar of Hepliaklqana.
  4074 | D:4      | Found a white marble altar of Elyvilon.
  4080 | D:4      | Became a worshipper of Hepliaklqana the Forgotten
  4215 | D:4      | Noticed Blork the orc
  4225 | D:4      | Killed Blork the orc
  4226 | D:4      | Reached XP level 6. HP: 31/53 MP: 0/12
  5082 | D:4      | Noticed Edmund
  5089 | D:4      | Learned a level 3 spell: Swiftness
  5100 | D:4      | Killed Edmund
  5101 | D:4      | Reached XP level 7. HP: 33/59 MP: 0/13
  5339 | D:4      | Noticed Grinder
  5353 | D:4      | Killed Grinder
  5354 | D:4      | Reached skill level 5 in Conjurations
  5354 | D:4      | Reached skill level 5 in Air Magic
  5755 | D:4      | Noticed Duvessa
  5872 | D:4      | Noticed Dowan
  5892 | D:4      | Killed Dowan
  5893 | D:4      | Killed Duvessa
  5894 | D:4      | Reached skill level 6 in Air Magic
  5894 | D:4      | Reached XP level 8. HP: 59/67 MP: 12/14
  6052 | D:5      | Entered Level 5 of the Dungeon
  6071 | D:5      | Learned a level 4 spell: Airstrike
  6094 | D:5      | Reached skill level 5 in Spellcasting
  6465 | D:5      | Found a runed translucent door.
  6465 | D:5      | Noticed MeArio's ghost (novice MiFi)
  6918 | D:5      | Reached * piety under Hepliaklqana
  7026 | D:5      | Reached skill level 7 in Air Magic
  7528 | D:6      | Reached XP level 9. HP: 36/66 MP: 2/19
  8152 | D:6      | Found a staircase to the Ecumenical Temple.
  8601 | D:6      | Reached skill level 8 in Air Magic
  8704 | D:6      | Found a glowing golden altar of the Shining One.
  9105 | D:6      | Reached skill level 1 in Fighting
  9307 | D:7      | Found a shimmering altar of Xom.
  9560 | D:7      | Reached skill level 5 in Fighting
 10056 | D:7      | Reached XP level 10. HP: 91/91 MP: 17/23
 10149 | D:7      | Found a sparkling altar of Nemelex Xobeh.
 10647 | D:8      | Reached ** piety under Hepliaklqana
 10648 | D:8      | Remembered your ancestor Bianca as a knight
 10806 | D:8      | Found a sand-covered staircase.
 10843 | Ossuary  | Entered an ossuary
 11637 | D:8      | Found a blossoming altar of Fedhas.
 11737 | D:8      | Noticed an orange demon
 11738 | D:8      | Noticed Amaemon
 11744 | D:8      | Killed Amaemon
 11745 | D:8      | Reached skill level 10 in Fighting
 11745 | D:8      | Reached skill level 1 in Invocations
 11749 | D:8      | Killed an orange demon
 13088 | D:9      | Reached skill level 9 in Air Magic
 13227 | D:9      | Found Mykiotz's Jewellery Emporium.
 13247 | D:9      | Reached skill level 5 in Invocations
 13266 | D:9      | Reached XP level 11. HP: 105/105 MP: 2/24
 13332 | D:9      | Learned a level 5 spell: Lightning Bolt
 13479 | D:9      | Found a staircase to the Lair.
 14247 | D:9      | Bought a ring of magical power for 320 gold pieces
 14315 | D:10     | Entered Level 10 of the Dungeon
 14645 | D:10     | Noticed a centaur warrior
 14758 | D:10     | Killed a centaur warrior
 14858 | D:10     | Found Managh's Weapon Boutique.
 14859 | D:10     | Found Ruefal's Antique Armour Emporium.
 14860 | D:10     | Found Tetteih's Antique Weapon Emporium.
 14947 | D:9      | Reached skill level 10 in Air Magic
 15009 | Lair:1   | Entered Level 1 of the Lair of Beasts
 15280 | Lair:1   | HP: 5/105 [yak (11)]
 15512 | Lair:1   | Reached *** piety under Hepliaklqana
 15975 | Lair:1   | Reached XP level 12. HP: 113/113 MP: 25/25
 17066 | Lair:2   | Found a staircase to the Shoals.
 17223 | Lair:2   | Reached skill level 11 in Air Magic
 18848 | Lair:2   | Reached skill level 10 in Invocations
 18957 | Lair:3   | Reached **** piety under Hepliaklqana
 19166 | Lair:3   | Found a hole to the Spider Nest.
 19180 | Lair:3   | Noticed a six-headed hydra
 19184 | Lair:3   | Killed a six-headed hydra
 19277 | Lair:3   | Noticed a catoblepas
 19281 | Lair:3   | Killed a catoblepas
 19583 | Lair:3   | Reached skill level 12 in Air Magic
 19927 | Lair:3   | Reached XP level 13. HP: 104/119 MP: 24/26
 19972 | Lair:3   | Noticed Snorg
 19983 | Lair:3   | Killed Snorg
 20978 | Lair:4   | Identified the ring "Woimn" {rF+ rC+}
 21006 | Lair:4   | Reached skill level 10 in Conjurations
 21108 | Lair:4   | Found a runed translucent gate.
 21108 | Lair:4   | Found a runed translucent gate.
 21108 | Lair:4   | Noticed Yrojinka's ghost (journeyman MiDe)
 21109 | Lair:4   | Found a runed translucent gate.
 22346 | Lair:5   | Reached skill level 13 in Air Magic
 22614 | Lair:5   | Found a transporter.
 22614 | Lair:5   | Found a one-way gate to the infinite horrors of the Abyss.
 22614 | Lair:5   | Noticed Bruhh's ghost (journeyman GrFi)
 22680 | Lair:5   | Found a transporter.
 22730 | Lair:5   | Reached ***** piety under Hepliaklqana
 23099 | Lair:5   | Found a viscous altar of Jiyva.
 23099 | Lair:5   | Found a staircase to the Slime Pits.
 23201 | Lair:6   | Entered Level 6 of the Lair of Beasts
 23228 | Lair:5   | Slain by a death yak

Illustrated notes

Levels and vault maps discovered:
D:1:      pf_arrival_petrified_forest, layout_basic,
          nicolae_ecumenical_lake_church, skrybe_limestone_x
D:2:      layout_loops_ring, minmay_rat_gold_closets
D:3:      minmay_angry_zag, layout_basic, mainiacjoe_overflow_tiny_flanked,
          mainiacjoe_overflow_brackets, serial_shops, nicolae_diamond_shop
D:4:      layout_basic, mainiacjoe_overflow_divided_tiny, uniq_edmund,
          uniq_duvessa, uniq_blork_the_orc, uniq_grinder
D:5:      layout_basic, hellmonk_ghost_happy_afterlife
D:6:      layout_gridville, nicolae_tso_besieged_by_evil,
          minmay_temple_entry_mist, st_stairs_2
D:7:      layout_basic, nemelex_altar_shiori, xom_teletrap_fun
D:8:      layout_basic, mainiacjoe_overflow_chevrons, gup_ossuary_entry_pyramid,
          kennysheep_generic_room_10, uniq_amaemon
D:9:      layout_loops_cross, minmay_lair_entry_grove, serial_shops,
          nicolae_square_shop, nicolae_lava_and_water
D:10:     layout_long_grid, lemuel_tele_altar, nicolae_wooded_promenade,
          grunt_ministairs_6
Lair:1:   wad_woods_pond, layout_loops_ring, dreamdust_mushroom_princess
Lair:2:   nzn_winding_woodlands_stair_trap [nzn_winding_woodlands_5x15_cabin,
          nzn_winding_woodlands_5x15_zeroes,
          nzn_winding_woodlands_5x15_concentric,
          nzn_winding_woodlands_15x15_killbox,
          nzn_winding_woodlands_5x15_split_checker,
          nzn_winding_woodlands_5x15_river_crossing,
          nzn_winding_woodlands_5x15_longhouse], layout_chaotic_city,
          portal_ice_cave_entry_ice_simulacra, nicolae_lair_liquid_snakes,
          serial_bayou_shore_a
Lair:3:   layout_layer_cave, spider_nest_entry_a, uniq_snorg
Lair:4:   layout_cave_pods, ebering_ghost_rock_garden, minmay_hedge_maze
Lair:5:   layout_hall_layers, dpeg_slime_entry_enclosed_altar,
          gammafunk_ghost_abyssal_escape
Lair:6:   minmay_lair_end_enchanted_forest, layout_gridlike, uniq_nessos

Skill      XL: |  1  2  3  4  5  6  7  8  9 10 11 12 13 |
---------------+----------------------------------------+-----
Air Magic      | 3 4 6 7 8 9 10 12 13 | 13.3
Spellcasting   | 3 4 6 9 |  9.0
Conjurations   | 2 3 4 5 7 9 11 | 11.0
Fighting       | 7 10 | 10.0
Invocations    | 5 8 10 | 10.0
Dodging        | |  1.7
Stealth        | |  1.4

Action                   |  1- 3 |  4- 6 |  7- 9 | 10-12 | 13-15 || total
-------------------------+-------+-------+-------+-------+-------++-------
Melee: Unarmed           |    16 |       |       |       |       ||    16
       Staff             |     6 |    67 |       |       |       ||    73
       Flail             |       |       |    17 |    67 |       ||    84
       Demon whip        |       |       |       |    83 |   140 ||   223
       Punch             |       |       |       |     1 |     3 ||     4
 Cast: Shock             |    71 |    94 |   157 |    36 |     1 ||   359
       Static Discharge  |       |    16 |    11 |    23 |     1 ||    51
       Airstrike         |       |       |    24 |   211 |    60 ||   295
       Lightning Bolt    |       |       |       |    49 |    26 ||    75
Invok: Ancestor Life: Kn |       |       |       |     1 |       ||     1
       Ancestor Identity |       |       |       |     1 |       ||     1
       Recall Ancestor   |       |       |       |     2 |     3 ||     5
  Use: Potion            |       |     2 |       |     4 |     4 ||    10
       Scroll            |       |       |     8 |     8 |     5 ||    21
 Stab: Sleeping          |       |       |     1 |     3 |       ||     4
       Distracted        |       |       |       |     2 |       ||     2
Armor: Robe              |     3 |    16 |    18 |    44 |       ||    81
       Skin              |       |    37 |       |    12 |       ||    49
       Troll leather arm |       |       |       |    28 |    21 ||    49
Dodge: Dodged            |    24 |    28 |    32 |   101 |    33 ||   218
Block: Other             |       |       |       |    28 |    17 ||    45
       Reflection        |       |       |       |     1 |       ||     1

Table legend: (Time is in decaauts)
 A = Elapsed time spent in this place.
 B = Non-inter-level travel time spent in this place.
 C = Inter-level travel time spent in this place.
 D = Time resting spent in this place.
 E = Time spent auto-exploring this place.
 F = Levels seen in this place.
 G = Mean time per level.
                   A        B        C        D        E       F      G
               +--------+--------+--------+--------+--------+-----+--------+
         Total |  23321 |  22730 |    591 |   1294 |  18893 |  17 | 1371.8 |
       Dungeon |  14752 |  14328 |    424 |    889 |  11984 |  10 | 1475.2 |
          Lair |   8044 |   7877 |    167 |    405 |   6556 |   6 | 1340.7 |
       Ossuary |    525 |    525 |      0 |      0 |    352 |   1 |  525.0 |
               +--------+--------+--------+--------+--------+-----+--------+

Top non-repeatable levels by time:
  Lair:2: 2383 daAuts
     D:4: 2182 daAuts
  Lair:3: 1995 daAuts
     D:9: 1904 daAuts
     D:8: 1771 daAuts
     D:7: 1575 daAuts
     D:6: 1407 daAuts
     D:2: 1350 daAuts
     D:3: 1347 daAuts
     D:5: 1344 daAuts
  Lair:1: 1296 daAuts
     D:1: 1240 daAuts
  Lair:4: 1210 daAuts
  Lair:5: 1149 daAuts
    D:10: 628 daAuts
